 Dungeon Crawl Stone Soup version 0.21.0-25-ge575cb9 (webtiles) character file.

1803 Lanoc the Slinger (level 9, -1/61 HPs)
             Began as a Halfling Hunter on Jan 25, 2018.
             Was a Priest of Okawaru.
             Slain by Erica
             ... wielding a +0 scimitar of flaming
              (4 damage)
             ... on level 8 of the Dungeon.
             The game lasted 00:20:09 (5893 turns).

Lanoc the Slinger (Halfling Hunter)                 Turns: 5893, Time: 00:20:09

Health: -1/61      AC:  8    Str: 13    XL:     9   Next: 30%
Magic:  9/9        EV: 19    Int:  9    God:    Okawaru [***...]
Gold:   352        SH:  0    Dex: 18    Spells: 8/8 levels left

rFire    . . .     SeeInvis .   z - +0 hunting sling (freeze)
rCold    . . .     Gourm    .   (shield restricted)
rNeg     . . .     Faith    .   c - +1 leather armour
rPois    .         Spirit   .   (no helmet)
rElec    .         Reflect  .   (no cloak)
rCorr    .         Harm     .   (no gloves)
MR       +....                  (no boots)
Stlth    ++........             e - amulet of regeneration
HPRegen  0.60/turn              u - +4 ring of protection
MPRegen  0.11/turn              l - ring of protection from magic

@: lethally poisoned (-1 -> -2), about to teleport, slowed, very slow
A: small, mutation resistance 1
a: Heroism, Renounce Religion


You were on level 8 of the Dungeon.
You worshipped Okawaru.
Okawaru was most pleased with you.
You were not hungry.

You visited 2 branches of the dungeon, and saw 9 of its levels.

You collected 352 gold pieces.

Inventory:

Hand Weapons
 a - a +1 hunting sling
 b - a +0 short sword
 z - a +0 hunting sling of freezing (weapon)
Missiles
 d - 38 sling bullets (quivered)
Armour
 c - a +1 leather armour (worn)
Jewellery
 e - an amulet of regeneration (around neck)
 l - a ring of protection from magic (right hand)
 u - a +4 ring of protection (left hand)
 B - a +4 amulet of reflection {unknown}
 C - an uncursed ring of flight
 D - an uncursed amulet of magic regeneration {unknown}
Wands
 G - a wand of polymorph (11)
Scrolls
 h - 5 scrolls of remove curse
 j - a scroll of enchant weapon {unknown}
 m - a scroll of fog {unknown}
 n - 3 scrolls of teleportation
 p - a scroll of random uselessness {unknown}
 q - 2 scrolls of noise
 y - 2 scrolls of magic mapping
 A - 2 scrolls of fear
Potions
 i - 5 potions of curing
 k - 2 potions of lignification
 o - 5 potions of flight
 t - a potion of magic
 v - 2 potions of brilliance
 x - a potion of mutation
Books
 E - a Young Poisoner's Handbook

   Spells                             Type                      Level
   a - Sting                          Conjuration/Poison           1
   b - Poisonous Vapours              Poison/Air                   2
   c - Mephitic Cloud                 Conjuration/Poison/Air       3
   d - Olgreb's Toxic Radiance        Poison                       4
   e - Venom Bolt                     Conjuration/Poison           5
Comestibles
 f - 14 rations
 r - 3 chunks of flesh


   Skills:
 + Level 5.4 Fighting
 * Level 12.5 Slings
 + Level 6.6 Dodging
 - Level 1.1 Stealth


You had 8 spell levels left.
You didn't know any spells.

Dungeon Overview and Level Annotations

Branches:
Dungeon (8/15)             Temple (1/1) D:6
   Lair: D:8-11

Altars:
Ashenzari
Cheibriados
Dithmenos
Elyvilon
Fedhas
Gozag
Hepliaklqana
Kikubaaqudgha
Makhleb
Nemelex Xobeh
Okawaru
Qazlal
Ru
Sif Muna
Trog
Uskayaw
Vehumet
Wu Jian
Xom
Yredelemnul
Zin
The Shining One

Annotations:
D:7 2 transporters
D:8 Erica


Innate Abilities, Weirdness & Mutations

You are small and have problems with some larger weapons.
You are somewhat resistant to further mutation.


Message History

Press: ? - help, Shift-Dir - straight line, f/p - Erica
Aim: Erica, wielding a scimitar of flaming and wearing a robe (almost dead)
You shoot a sling bullet. The sling bullet barely misses Erica.
The orc wizard gestures at you while chanting.
The puff of flame misses you. The orc misses you.
Erica gestures at you while chanting. The bolt of poison hits you!
You are poisoned.
* * * LOW HITPOINT WARNING * * *
The orc wizard hits you but does no damage.
As you read the scroll of teleportation, it crumbles to dust.
You feel strangely unstable.
You feel sick. The orc wizard hits you with a dagger.
* * * LOW HITPOINT WARNING * * *
The orc barely misses you. Erica casts a spell at you.
You resist with almost no effort. The orc wizard completely misses you.
The orc barely misses you.
Erica hits you with a scimitar of flaming.
You die...

#...............
#......(........
#...............
#..((.......@...
#.......########
#......(#
#......(#
#.....o@#
#....Zo@#
#########


You could see Erica, an orc wizard, an orc and a wyvern zombie.

Vanquished Creatures
  A wyvern (D:8)
  Menkaure (D:6)
  A necrophage (D:6)
  A phantom (D:7)
  2 ogres
  4 centaurs
  A crocodile (D:8)
  A bullfrog (D:6)
  A scorpion (D:7)
  A howler monkey (D:7)
  2 jellies
  3 hounds
  3 orc wizards
  4 worker ants
  2 killer bee zombies (D:7)
  9 gnolls
  6 adders
  2 worms
  3 dart slugs
  7 leopard geckos
  14 orcs
  A ball python (D:1)
  4 bats
  7 giant cockroaches
  10 goblins
  11 hobgoblins
  13 jackals
  4 frilled lizards
  8 kobolds
  2 quokka skeletons
  8 rats
137 creatures vanquished.

Vanquished Creatures (others)
  An iguana (D:7)
  An orc wizard (D:7)
  A quokka (D:7)
  4 toadstools (D:1)
7 creatures vanquished.

Grand Total: 144 creatures vanquished

Notes
Turn   | Place    | Note
-------+----------+-------------------------------------------
     0 | D:1      | Lanoc the Halfling Hunter began the quest for the Orb.
     0 | D:1      | Reached XP level 1. HP: 14/14 MP: 1/1
    65 | D:1      | Reached skill level 6 in Slings
   105 | D:1      | Reached XP level 2. HP: 19/19 MP: 2/2
   193 | D:1      | Reached XP level 3. HP: 22/24 MP: 3/3
   599 | D:1      | Reached XP level 4. HP: 30/30 MP: 4/4
   836 | D:2      | Reached skill level 7 in Slings
  1022 | D:2      | Found an iron altar of Okawaru.
  1031 | D:2      | Became a worshipper of Warmaster Okawaru
  1220 | D:2      | Found a shattered altar of Ashenzari.
  1636 | D:3      | Reached XP level 5. HP: 35/35 MP: 5/5
  2662 | D:4      | Reached skill level 8 in Slings
  2744 | D:4      | Noticed an ogre
  2752 | D:4      | Killed an ogre
  2752 | D:4      | Reached * piety under Okawaru
  2752 | D:4      | Reached XP level 6. HP: 42/42 MP: 6/6
  2893 | D:5      | Entered Level 5 of the Dungeon
  3399 | D:5      | Found a stormy altar of Qazlal.
  3679 | D:6      | Reached skill level 9 in Slings
  3679 | D:6      | Reached XP level 7. HP: 43/46 MP: 7/7
  4036 | D:6      | Found a staircase to the Ecumenical Temple.
  4045 | Temple   | Entered the Ecumenical Temple
  4134 | D:6      | Noticed Menkaure
  4144 | D:6      | Killed Menkaure
  4144 | D:6      | Reached skill level 10 in Slings
  4144 | D:6      | Reached skill level 5 in Dodging
  4144 | D:6      | Reached XP level 8. HP: 28/52 MP: 8/8
  4499 | D:7      | Found a transporter.
  4582 | D:7      | Noticed a kobold demonologist
  4594 | D:7      | Reached ** piety under Okawaru
  4605 | D:7      | Found a transporter.
  4772 | D:7      | Reached skill level 11 in Slings
  5122 | D:7      | Found a white marble altar of Elyvilon.
  5269 | D:7      | Found a shimmering altar of Xom.
  5298 | D:7      | Reached skill level 5 in Fighting
  5298 | D:7      | Reached XP level 9. HP: 58/59 MP: 9/9
  5525 | D:7      | HP: 2/61 [something (11)]
  5718 | D:8      | Reached skill level 12 in Slings
  5737 | D:8      | Reached *** piety under Okawaru
  5857 | D:8      | Noticed Erica
  5893 | D:8      | HP: 3/61 [orc wizard/dagger (4)]
  5893 | D:8      | Slain by Erica

Skill      XL: |  1  2  3  4  5  6  7  8  9 |
---------------+----------------------------+-----
Slings         | 6 7 8 9 10 11 12 | 12.5
Fighting       | 2 3 4 5 |  5.4
Dodging        | 3 4 5 6 |  6.6
Stealth        | |  1.1

Action                   |  1- 3 |  4- 6 |  7- 9 || total
-------------------------+-------+-------+-------++-------
 Fire: Hunting sling     |    95 |   201 |   353 ||   649
Invok: Heroism           |       |       |     1 ||     1
  Use: Scroll            |     4 |     9 |     4 ||    17
       Potion            |       |       |     4 ||     4
  Eat: Chunk             |       |     6 |     8 ||    14
Armor: Leather armour    |     8 |    13 |    35 ||    56
Dodge: Dodged            |    25 |    36 |   128 ||   189
